AoeStats
← DisorderWess

Arena

504948974Analyzed
3v3 RM · 26d ago on Sep 7, 2026· 61m 13s· 6 players
Game mode
Random Map
Map size
Normal (6 player)
Population
200
Speed
Normal
Resources
Standard
Victory
Conquest
Starting age
Dark Age
Ending age
Imperial Age
RankedLock teamsTeams togetherTeam positionsShared explorationLock speedFull tech treeHidden civsTurbo modeCheats
Victory
Defeat
🇲🇽 Cumans · Mexico
912
+12
🇲🇽 Inca · Mexico
894
+13
🇲🇽 Armenians · Mexico
817
+16
🇺🇸 Britons · United States
889
-17
🇷🇺 Turks · Russia
811
-13
🇨🇳 Teutons · China
765
-11
Not Perfect
11:11 Feudal Age
12:27 Double-Bit Axe
13:08 Horse Collar
17:52 Castle Age
25:26 Heavy Plow
30:28 Bow Saw
30:17 Gold Mining
30:20 Stone Mining
33:08 Gold Shaft Mining
33:13 Wheelbarrow
32:40 Fletching
39:32 Ballistics
40:36 Bodkin Arrow
40:59 Hand Cart
41:44 Murder Holes
43:21 Padded Archer Armor
jaykablooey27
2:48 Loom
10:59 Feudal Age
11:27 Double-Bit Axe
12:00 Horse Collar
16:52 Castle Age
15:07 Man-at-Arms
22:14 Fletching
23:50 Crossbowman
24:43 Forging
26:32 Ballistics
30:54 Bodkin Arrow
33:33 Pikeman
35:12 Padded Archer Armor
35:47 Iron Casting
38:59 Fortified Wall
41:23 Imperial Age
41:11 Leather Archer Armor
41:13 Elite Skirmisher
44:33 Chemistry
42:55 Arbalester
50:52 Warwolf
菜鸟驿站
11:18 Feudal Age
10:50 Loom
17:08 Castle Age
15:10 Man-at-Arms
21:15 Long Swordsman
26:54 Elite Skirmisher
27:33 Horse Collar
29:21 Gambesons
29:56 Crossbowman
36:39 Imperial Age
35:04 Loom
35:55 Wheelbarrow
35:06 Town Watch
35:42 Scale Barding Armor
35:38 Padded Archer Armor
35:33 Fletching
36:02 Bloodlines
40:05 Cavalier
41:30 Crenellations
48:09 Elite Teutonic Knight
49:38 Hoardings
48:25 Elite Teutonic Knight
50:03 Conscription
DUIS12
6:40 Loom
10:23 Feudal Age
11:11 Double-Bit Axe
11:36 Man-at-Arms
15:59 Arson
16:36 Arson
16:52 Long Swordsman
23:45 Gold Mining
26:04 Castle Age
24:04 Gold Mining
24:28 Horse Collar
26:20 Scale Mail Armor
26:28 Town Watch
26:50 Squires
27:01 Two-Handed Swordsman
28:26 Gambesons
29:42 Heavy Plow
31:48 Forging
36:57 Champion
39:20 Iron Casting
39:02 Chain Mail Armor
40:20 Bow Saw
40:47 Gold Shaft Mining
44:30 Imperial Age
44:35 Capped Ram
45:36 Siege Ram
50:41 Blast Furnace
50:13 Plate Mail Armor
52:58 Wheelbarrow
52:20 Stone Mining
55:19 Fereters
54:57 Elite Composite Bowman
55:59 Conscription
56:05 Ballistics
56:46 Chemistry
55:43 Fletching
55:54 Padded Archer Armor
57:01 Caravan
58:51 Bodkin Arrow
59:12 Leather Archer Armor
Formicador
3:14 Loom
11:59 Feudal Age
20:43 Castle Age
31:41 Bloodlines
34:38 Steppe Husbandry
34:45 Steppe Husbandry
34:57 Fletching
35:33 Ballistics
39:12 Wheelbarrow
44:58 Hand Cart
45:18 Double-Bit Axe
46:00 Horse Collar
47:17 Heavy Plow
48:05 Gold Mining
52:09 Imperial Age
50:12 Thumb Ring
50:13 Bodkin Arrow
51:10 Careening
50:59 Murder Holes
53:35 Parthian Tactics
52:35 Elite Kipchak
53:18 Cuman Mercenaries
53:03 Pikeman
53:44 Squires
53:29 Arson
58:00 Padded Archer Armor
58:11 Forging
58:34 Elite Steppe Lancer
60:07 Gold Shaft Mining
59:23 Stone Mining
61:21 Chemistry
59:51 Heavy Cavalry Archer
DisorderWess
7:42 Loom
10:02 Feudal Age
10:59 Town Watch
14:16 Arson
15:12 Horse Collar
18:31 Champi Runner
23:10 Castle Age
21:58 Double-Bit Axe
23:39 Forging
23:20 Fletching
23:44 Forging
24:18 Bow Saw
31:36 Imperial Age
28:53 Treadmill Crane
30:22 Scale Mail Armor
30:38 Thumb Ring
30:37 Squires
30:07 Pikeman
32:51 Elite Skirmisher
33:59 Town Patrol
36:16 Gold Mining
36:29 Heavy Plow
38:35 Hoardings
38:50 Wheelbarrow
39:49 Hand Cart
40:10 Crop Rotation
39:41 Murder Holes
40:22 Fabric Shields
40:36 Padded Archer Armor
40:59 Capped Ram
42:51 Conscription
44:58 Gold Shaft Mining
44:15 Stone Mining
44:26 Elite Kamayuk
46:51 Stone Shaft Mining
45:51 Sappers
45:45 Halberdier
47:05 Siege Ram
52:41 Andean Sling
59:37 Champi Warrior
60:59 Iron Casting
60:39 Chain Mail Armor
60:19 Bodkin Arrow
60:40 Leather Archer Armor
60:49 Ballistics
60:40 Fortified Wall
60:41 Masonry
60:36 Siege Engineers
60:18 Arrowslits
Connection lost

Rejoining the realm…

Still unreachable

The connection could not be restored.

Session expired

The server has moved on; the page needs a fresh start.